 Dungeon Crawl Stone Soup version 0.21-a0-352-g5b8f553 (webtiles) character file.

38 Dfrag the Firebug (level 3, -2/24 HPs)
             Began as a Demonspawn Fire Elementalist on Oct 11, 2017.
             Slain by Robin
             ... wielding a +0 spear
              (6 damage)
             ... on level 2 of the Dungeon.
             The game lasted 00:01:01 (1296 turns).

Dfrag the Firebug (Demonspawn Fire Elementalist)    Turns: 1296, Time: 00:01:01

Health: -2/24      AC:  2    Str:  8    XL:     3   Next: 25%
Magic:  0/6        EV: 12    Int: 17    God:
Gold:   89         SH:  0    Dex: 13    Spells: 6/7 levels left

rFire    . . .     SeeInvis .   (no weapon)
rCold    . . .     Gourm    .   (no shield)
rNeg     . . .     Faith    .   a - +0 robe
rPois    .         Spirit   .   (no helmet)
rElec    .         Reflect  .   (no cloak)
rCorr    .         Harm     .   (no gloves)
MR       .....                  (no boots)
Stlth    ++........             (no amulet)
HPRegen  1.08/turn              (no ring)
MPRegen  0.10/turn              (no ring)

@: no status effects
A: claws 1, powered by death 1
a: no special abilities


You were on level 2 of the Dungeon.
You were hungry.

You visited 1 branch of the dungeon, and saw 2 of its levels.

You collected 89 gold pieces.

Inventory:

Armour
 a - a +0 robe (worn)
Potions
 d - a potion of haste {unknown}
Books
 b - a book of Flames

   Spells                             Type                      Level
   a - Flame Tongue                   Conjuration/Fire             1
   b - Throw Flame                    Conjuration/Fire             2
   c - Conjure Flame                  Conjuration/Fire             3
   d - Inner Flame                    Hexes/Fire                   3
   e - Sticky Flame                   Conjuration/Fire             4
   f - Fireball                       Conjuration/Fire             5
Comestibles
 c - a bread ration


   Skills:
 - Level 1.7 Dodging
 - Level 1.7 Stealth
 + Level 2.5 Spellcasting
 + Level 1.9 Conjurations
 + Level 3.1 Fire Magic


You had 6 spell levels left.
You knew the following spells:

 Your Spells              Type           Power        Failure   Level  Hunger
a - Flame Tongue          Conj/Fire      ##...        6%          1    #......


Dungeon Overview and Level Annotations

Branches:
Dungeon (2/15)

Altars:

Annotations:
D:2 Robin


Innate Abilities, Weirdness & Mutations

You have sharp fingernails.
You regenerate a little health from kills.


Message History

The goblin no longer looks unusually strong.
The goblin misses you.
You barely miss the goblin. The goblin barely misses you.
The goblin hits you with a dagger. Robin hits you but does no damage.
You barely miss the goblin. The goblin barely misses you. x2
Robin roars a battlecry!
The goblins go into a battle-frenzy!
You scratch the goblin.
The goblin is severely wounded.
The goblin barely misses you. The goblin hits you with a dagger.
You barely miss the goblin.
The goblin is heavily wounded.
The goblin hits you but does no damage. x2
Robin hits you from afar with a spear!
You scratch the goblin.
The goblin is severely wounded.
The goblin completely misses you. The goblin hits you with a dagger.
* * * LOW HITPOINT WARNING * * *
Robin hits you from afar with a spear.
You die...

g..## ....#
.g.# .g.#
#g.## #)..#
#(..#
#.#####g..#
#(.g@ggg..#
#.######..#
#..# #..#
######.^###
#.........#
#.####..#.#
#..#†##
##....<##


You could see Robin, a hobgoblin and 3 goblins.

Vanquished Creatures
  An adder (D:2)
  A giant cockroach (D:2)
  8 goblins
  9 jackals
  A quokka (D:1)
  A bat (D:1)
  A frilled lizard (D:1)
  A kobold (D:1)
  2 rats
25 creatures vanquished.

Notes
Turn   | Place    | Note
-------+----------+-------------------------------------------
     0 | D:1      | Dfrag the Demonspawn Fire Elementalist began the quest for the Orb.
     0 | D:1      | Reached XP level 1. HP: 13/13 MP: 3/3
   757 | D:2      | Reached skill level 3 in Fire Magic
   757 | D:2      | Gained mutation: You have sharp fingernails. [demonic ancestry]
   757 | D:2      | Reached XP level 2. HP: 19/19 MP: 0/5
  1086 | D:2      | Gained mutation: You regenerate a little health from kills. [demonic ancestry]
  1086 | D:2      | Reached XP level 3. HP: 14/24 MP: 1/6
  1268 | D:2      | Noticed Robin
  1296 | D:2      | Slain by Robin

Vault maps used:
D:1:      lemuel_arrival_cross
D:2:      lemuel_crystal_altar, minmay_fountain_box, uniq_robin

Skill      XL: |  1 |
---------------+----+-----
Fire Magic     | 3 |  3.1
Dodging        | |  1.7
Stealth        | |  1.7
Spellcasting   | |  2.5
Conjurations   | |  1.9

Action                   || total
-------------------------++-------
Melee: Unarmed           ||    43
 Cast: Flame Tongue      ||    36
  Eat: Chunk             ||     1
Armor: Robe              ||    17
Dodge: Dodged            ||    64

Table legend:
 A = Spawn XP
 B = Non-spawn XP
 C = Spawn XP percentage of total XP
 D = Spawn monster count
 E = Non-spawn monster count
 F = Spawn count percentage of total count
 G = Total turns spent on level
                    A         B        C        D         E        F      G
               +---------+---------+-------+---------+---------+-------+---------
         Total |       0 |      55 |   0.0 |       0 |      25 |   0.0 |  1296
               +---------+---------+-------+---------+---------+-------+---------
           D:1 |       0 |      18 |   0.0 |       0 |      11 |   0.0 |  1063
           D:2 |       0 |      37 |   0.0 |       0 |      14 |   0.0 |   233
               +---------+---------+-------+---------+---------+-------+---------
